 Dungeon Crawl Stone Soup version 0.25-a0-502-g6516661 (webtiles) character file.

Game seed: 13695792941262851398, levelgen mode: deterministic

175 drc500free the Shooter (level 5, -3/42 HPs)
             Began as a Centaur Hunter on Feb 12, 2020.
             Was an Initiate of Okawaru.
             Slain by a gnoll
             ... wielding a +0 spear of chaos
              (7 damage)
             ... on level 3 of the Dungeon.
             The game lasted 00:13:17 (2647 turns).

drc500free the Shooter (Centaur Hunter)             Turns: 2647, Time: 00:13:18

Health: -3/42      AC:  4    Str: 14    XL:     5   Next: 29%
Magic:  5/5        EV:  9    Int: 10    God:    Okawaru [......]
Gold:   151        SH:  0    Dex: 11    Spells: 4/4 levels left

rFire    . . .     SeeInvis .   i - +2 dagger (freeze)
rCold    . . .     Gourm    .   (no shield)
rNeg     . . .     Faith    .   o - +0 leather armour
rPois    .         Spirit   .   (no helmet)
rElec    .         Reflect  .   (no cloak)
rCorr    .         Harm     .   (no gloves)
MR       .....                  (no barding)
Stlth    +.........             (no amulet)
HPRegen  0.14/turn              (no ring)
MPRegen  0.09/turn              (no ring)

@: lethally poisoned (-3 -> -19), very quick
A: large, hooves 3, deformed body, speed 2, tough skin 3
a: Renounce Religion


You were on level 3 of the Dungeon.
You worshipped Okawaru.
Okawaru was noncommittal.
You were not hungry.

You visited 1 branch of the dungeon, and saw 3 of its levels.

You collected 151 gold pieces.

Inventory:

Hand Weapons
 a - a +1 shortbow
 h - a +0 dagger
 i - a +2 dagger of freezing (weapon)
 k - a +0 spear
 x - a +0 short sword
Missiles
 d - 37 arrows
 g - 65 stones (quivered)
 m - 5 atropa-tipped darts
 w - 8 bolts
Armour
 b - a +0 ring mail
 j - a +0 robe
 o - a +0 leather armour (worn)
 u - a +0 ring mail
 z - a +0 ring mail
Jewellery
 B - an uncursed amulet of harm
Wands
 v - a wand of clouds (2)
 A - a wand of acid (15)
Scrolls
 e - a scroll of remove curse {unknown}
 n - a scroll of enchant weapon {unknown}
 p - 3 scrolls of identify {unknown}
 q - a scroll of amnesia {unknown}
 s - a scroll of fog {unknown}
 y - a scroll of magic mapping {unknown}
Potions
 c - 2 potions of curing
 l - a potion of heal wounds {unknown}
 r - a potion of flight {unknown}
 t - a potion of mutation {unknown}
Comestibles
 f - 6 rations


   Skills:
 + Level 2.4 Fighting
 + Level 7.9 Bows
 + Level 0.9 Armour
 + Level 1.8 Dodging
 + Level 0.4 Stealth
 + Level 0.2 Evocations


You had 4 spell levels left.
You didn't know any spells.
Your spell library was empty.

Dungeon Overview and Level Annotations

Branches:
Dungeon (3/15)

Altars:
Ashenzari
Fedhas
Nemelex Xobeh
Okawaru
Ru
Xom

Annotations:
D:3 1 transporter, Messyblue's ghost, amateur CeHu


Innate Abilities, Weirdness & Mutations

You have hooves in place of feet.
Armour fits poorly on your strangely shaped body.
You cover ground very quickly.
You have extremely tough skin. (AC +3)


Message History

You create a blast of noxious fumes!
You feel sick.
The gnoll is engulfed in noxious fumes.
The gnoll appears confused.
The gnoll hits you with a +0 spear of chaos.
You are more poisoned.
You feel sick.
The gnoll is engulfed in noxious fumes.
Your leather armour prevents you from hitting the gnoll.
You feel sick. The gnoll hits you but does no damage.
The gnoll is engulfed in noxious fumes.
The gnoll appears confused.
You hit the gnoll but do no damage. You kick the gnoll!
The gnoll is severely wounded.
You feel sick.
The gnoll hits you with a +0 spear of chaos!
* * * LOW HITPOINT WARNING * * *
The gnoll freezes you.
* * * LOW HITPOINT WARNING * * *
The gnoll is engulfed in noxious fumes.
The gnoll appears confused.
* * * LOW HITPOINT WARNING * * *
You feel sick.
The gnoll hits you from afar with a +0 spear of chaos!
You die...

...###.....≈≈###g##'##.###≈≈.#
... #.....≈≈..#g#...#[#..≈≈.#
.#. +.....≈≈.##§#. .#.##.≈≈.##
.++###.....≈≈.#§§# #..#.≈≈..#
.........≈≈.##g#####.##.≈≈..#
..............#☼#8⌠8#.#..≈≈..#
....<..##....©#.g.©)).#©.≈≈..#
.....####.....#.#P.P#)#..≈≈..#
..... #..≈≈.##@##.##)##.≈≈..#
#....###..≈≈.#©.#P.P#..#.≈≈..#
.........≈≈.##.#⌠.⌠#.##.≈≈..#
........≈≈..#.#P.P#.#..≈≈..#
.......≈≈###.##'##.###≈≈..#
#......≈≈#...........#≈≈..#
#......≈≈#8.###.###.8#≈≈..# .
#......≈≈#g.#8###8#..#≈≈..# ..
#......≈≈####.....####≈≈..#


You could see a gnoll shaman and 2 gnolls.

Vanquished Creatures
  Terence (D:2)
  7 gnolls
  2 adders (D:2)
  An ooze (D:1)
  4 worms (D:2)
  4 leopard geckos
  3 orcs (D:3)
  2 giant cockroaches
  4 hobgoblins
  4 jackals
  4 bats
  3 frilled lizards
  4 goblins
  7 kobolds
  3 rats (D:1)
53 creatures vanquished.

Notes
Turn   | Place    | Note
-------+----------+-------------------------------------------
     0 | D:1      | drc500free the Centaur Hunter began the quest for the Orb.
     0 | D:1      | Reached XP level 1. HP: 17/17 MP: 1/1
   196 | D:1      | Reached XP level 2. HP: 16/24 MP: 2/2
   236 | D:1      | Reached skill level 6 in Bows
   708 | D:1      | Reached XP level 3. HP: 29/29 MP: 3/3
  1202 | D:2      | Found a blossoming altar of Fedhas.
  1208 | D:2      | Found a sparkling altar of Nemelex Xobeh.
  1210 | D:2      | Found a shimmering altar of Xom.
  1222 | D:2      | Found a shattered altar of Ashenzari.
  1222 | D:2      | Found a sacrificial altar of Ru.
  1244 | D:2      | Found an iron altar of Okawaru.
  1500 | D:2      | Noticed Terence
  1504 | D:2      | Reached XP level 4. HP: 35/36 MP: 4/4
  1588 | D:2      | Killed Terence
  1588 | D:2      | Reached skill level 7 in Bows
  2304 | D:2      | Became a worshipper of Warmaster Okawaru
  2437 | D:3      | Identified the +6 spear "Zyenahapt" {venom, Int+5 Dex-4}
  2482 | D:3      | Noticed Messyblue's ghost (amateur CeHu)
  2550 | D:3      | Found a transporter.
  2554 | D:3      | Found a transporter.
  2575 | D:3      | Reached XP level 5. HP: 42/42 MP: 5/5
  2647 | D:3      | Slain by a gnoll

Levels and vault maps discovered:
D:1:      lemuel_arrival_hallway, layout_basic
D:2:      layout_basic, grunt_temple_overflow_open, fedhas_altar_1, uniq_terence
D:3:      layout_basic, minitemple, first_ration, gammafunk_ghost_gnarly_gnolls,
          lexackson_kobold_supper

Skill      XL: |  1  2  3  4 |
---------------+-------------+-----
Bows           | 6 7 |  7.9
Fighting       | |  2.4
Armour         | |  0.9
Dodging        | |  1.8
Stealth        | |  0.4
Evocations     | |  0.2

Action                   |  1- 3 |  4- 6 || total
-------------------------+-------+-------++-------
Melee: Dagger            |    47 |    14 ||    61
       Kick              |     9 |     6 ||    15
 Fire: Shortbow          |    50 |    75 ||   125
Evoke: Wand              |       |     4 ||     4
 Stab: Confused          |       |     1 ||     1
  Eat: Ration            |       |     1 ||     1
Armor: Leather armour    |    17 |     6 ||    23
Dodge: Dodged            |    25 |    18 ||    43

Table legend:
 A = Non-vault XP
 B = Vault XP
 C = Vault XP percentage of total XP
 D = Non-vault monster count
 E = Vault monster count
 F = Vault count percentage of total count
                 A         B        C        D         E       F
            +---------+---------+-------+---------+---------+-------
      Total |     151 |     100 |  39.8 |      47 |       6 |  11.3
            +---------+---------+-------+---------+---------+-------
        D:1 |      61 |       0 |   0.0 |      20 |       0 |   0.0
        D:2 |      72 |      36 |  33.3 |      20 |       1 |   4.8
        D:3 |      18 |      64 |  78.0 |       7 |       5 |  41.7
            +---------+---------+-------+---------+---------+-------
